 Dungeon Crawl Stone Soup version 0.19-a0-1442-g3b32ff5 (webtiles) character file.

5687 Amnesiac the Transmogrifier (level 10, -2/74 HPs)
             Began as an Octopode Transmuter on Sept 6, 2016.
             Was an Initiate of Gozag.
             Slain by a three-headed hydra (10 damage)
             ... on level 9 of the Dungeon.
             The game lasted 00:16:55 (10180 turns).

Amnesiac the Transmogrifier (Octopode Transmuter)  Turns: 10180, Time: 00:16:55

Health: -2/74      AC:  2    Str:  9    XL:     10   Next: 75%
Magic:  10/16      EV: 26    Int: 16    God:    Gozag
Gold:   925        SH:  0    Dex: 19    Spells: 4 memorised, 8 levels left

rFire  . . .     SeeInvis .       - Unarmed
rCold  . . .     Gourm    .     (shield currently unavailable)
rNeg   + . .     Faith    .     (helmet currently unavailable)
rPois  x         Spirit   .     (no amulet)
rElec  .         Dismiss  .     z - ring of protection from magic
rCorr  .         Reflect  .     l - ring of positive energy
MR     +....     Harm     .     w - ring of stealth
Stlth  +++....... Rnd*Tele +    (no ring)
                                (no ring)
                                (no ring)
                                (no ring)
                                (no ring)

@: spider-form
A: almost no armour, stealthy swim, (amphibious), 8 rings, (constrict 8),
(camouflage 0), blurry vision 2, clumsy 1, low mp 1, regeneration 1, robust 1,
teleportitis 1, (gelatinous body 0)
a: End Transformation, Potion Petition, Call Merchant, Bribe Branch, Renounce
Religion


You were on level 9 of the Dungeon.
You worshipped Gozag.
Gozag was pleased with you.
You were not hungry.
You were a venomous arachnid creature.
You visited 2 branches of the dungeon, and saw 11 of its levels.

You collected 1773 gold pieces.
You spent 87 gold pieces at shops.
You paid 761 gold pieces to Gozag.

Inventory:

Missiles
 a - 114 arrows
Armour
 j - a +1 hat (melded)
Jewellery
 l - a ring of positive energy (right front leg)
 w - a ring of stealth (on tentacle)
 z - a ring of protection from magic (left front leg)
 C - an uncursed ring of ice
 D - a +3 ring of dexterity {unknown}
 G - an uncursed ring of fire {unknown}
Wands
 r - a wand of polymorph (17/24)
 x - a wand of lightning (4/15)
 F - a wand of digging (10/24)
Scrolls
 e - 2 scrolls of summoning {unknown}
 i - 4 scrolls of amnesia
 k - 5 scrolls of remove curse
 m - 6 scrolls of identify
 n - 2 scrolls of magic mapping
 q - a scroll of enchant armour {unknown}
 s - 2 scrolls of teleportation
 B - a scroll of fear {unknown}
 E - 3 scrolls of torment {unknown}
Potions
 d - 3 potions of flight {unknown}
 f - 2 potions of heal wounds {unknown}
 g - 4 potions of cancellation {unknown}
 o - 3 potions of curing {unknown}
 p - a potion of ambrosia {unknown}
 t - 3 potions of cure mutation {unknown}
 v - 2 potions of haste
 A - 3 potions of might {unknown}
Books
 b - a book of Changes

   Spells                             Type                      Level
   a - Beastly Appendage              Transmutation                1
   b - Sticks to Snakes               Transmutation                2
   c - Spider Form                    Transmutation/Poison         3
   d - Ice Form                       Ice/Transmutation            4
   e - Blade Hands                    Transmutation                5
 h - Jessica's Catalogue of Self-Knowledge
   (You found it on level 2 of the Dungeon)

   Spells                             Type                      Level
   a - Repel Missiles                 Charms/Air                   2
 y - a book of Misfortune

   Spells                             Type                      Level
   a - Confusing Touch                Hexes                        1
   b - Confuse                        Hexes                        3
   c - Gell's Gravitas                Hexes/Translocation          3
   d - Petrify                        Transmutation/Earth          4
   e - Metabolic Englaciation         Hexes/Ice                    5
   f - Yara's Violent Unravelling     Hexes/Transmutation          5
Comestibles
 c - 5 bread rations
 u - a slice of pizza


   Skills:
 + Level 6.1 Fighting
 + Level 6.4 Dodging
 * Level 8.5 Unarmed Combat
 + Level 5.9 Spellcasting
 * Level 8.9 Transmutations


You had 8 spell levels left.
You knew the following spells:

 Your Spells              Type           Power        Failure   Level  Hunger
a - Repel Missiles        Chrm/Air       #.....       45%         2    #......
d - Sticks to Snakes      Tmut           ####....     4%          2    #......
e - Spider Form           Tmut/Pois      ###.......   24%         3    ##.....
f - Blade Hands           Tmut           ####......   28%         5    ######.


Dungeon Overview and Level Annotations

Branches:
Dungeon (10/15)            Temple (1/1) D:5             Orc (0/2) D:9
   Lair: D:8-11

Altars:
Ashenzari
Elyvilon
Fedhas
Gozag
Hepliaklqana
Kikubaaqudgha
Makhleb
Nemelex Xobeh
Okawaru
Qazlal
Sif Muna
Trog
Uskayaw
Xom
Yredelemnul
Zin
The Shining One

Shops:
D:7 ?*


Innate Abilities, Weirdness & Mutations

You cannot wear most types of armour.
You are very stealthy in the water.
((You are amphibious.))
You can wear up to eight rings at the same time.
((You can use your tentacles to constrict eight enemies at once.))
((Your skin changes colour to match your surroundings (Stealth+).))
((Your rubbery body absorbs attacks. (AC +1, EV +1)))
Scrolls take you longer to read.
You are clumsy. (Dex -2)
Your magical capacity is low. (-10% MP)
Your natural rate of healing is unusually fast.
You are robust. (+10% HP)
You are occasionally teleported next to monsters.


Message History

The three-headed hydra closely misses you.
The three-headed hydra bites you!
You bite the three-headed hydra!
The three-headed hydra is heavily wounded.
Unknown command.
You bite the three-headed hydra!
The three-headed hydra is severely wounded.
The three-headed hydra closely misses you.
The three-headed hydra completely misses you.
The three-headed hydra closely misses you.
Unknown command.
You barely miss the three-headed hydra.
The three-headed hydra is severely wounded.
The three-headed hydra bites you!
* * * LOW HITPOINT WARNING * * *
The three-headed hydra bites you!
* * * LOW HITPOINT WARNING * * *
The three-headed hydra bites you!
You die...
Your body crumbles into a pile of gold.

#.#'###.#.#......####.#####
#.# ###...##.#.###..#.#
#.....# #.#
......##.....#..#.# #####.#
#.. ##....##.#.#.#..#.# #.#
### #......[#.#.####.# #.#
#.....#.#.#....(.# #.######
#.#'#...........## #.......
...#.###...#####.# ########
######.....# #s#
..%..####..# #D#
%...≈#.....#####K#
%P...#....>.K.)))#
....$$.#.#########
.....#$(.# ≈≈P.≈##### ≈≈≈≈P


.P≈PP You could see a three-headed hydra and a big kobold.

Vanquished Creatures
  A gargoyle (D:10)
  2 dream sheep (D:9)
  2 yaks (D:9)
  A hippogriff (D:7)
  A hungry ghost (D:9)
  Menkaure (D:5)
  3 water moccasins
  3 sky beasts
  An orc warrior (D:7)
  The ghost of Gruesome the Cudgeler, an amateur NaWr (D:3)
  2 phantoms (D:9)
  3 ogres
  2 centaurs (D:7)
  3 ice beasts
  The ghost of Amnesiac the Insei, an amateur OpTm (D:4)
  4 big kobolds (D:9)
  6 giant frogs
  A wyvern skeleton (D:7)
  A scorpion (D:5)
  3 killer bees (D:10)
  A wight (D:6)
  3 howler monkeys (D:10)
  An electric eel (D:6)
  A giant frog zombie (D:7)
  A crimson imp (D:9)
  A centaur zombie (D:5)
  A jelly (D:5)
  7 hounds
  Crazy Yiuf (D:7)
  2 centaur skeletons
  6 orc priests
  A giant frog skeleton (D:5)
  Jessica (D:2)
  3 iguanas
  13 orc wizards
  3 worker ants
  8 ogre zombies (D:9)
  A worker ant zombie (D:9)
  14 adders
  A howler monkey skeleton (D:9)
  A shadow imp (D:9)
  An ufetubus (D:8)
  2 oozes (D:1)
  3 adder zombies
  4 worms
  3 dart slugs
  An adder simulacrum (D:8)
  5 giant geckos
  15 orcs
  5 giant cockroaches
  8 goblins
  13 hobgoblins
  15 jackals
  6 quokkas
  3 ball pythons
  2 bats
  5 giant newts
  A goblin skeleton (D:9)
  3 goblin zombies (D:9)
  3 hobgoblin skeletons (D:9)
  4 hobgoblin zombies (D:9)
  15 kobolds
  2 orc skeletons (D:9)
  12 orc zombies (D:9)
  A quokka skeleton (D:6)
  10 rats
255 creatures vanquished.

Vanquished Creatures (collateral kills)
  An orc wizard (D:7)
1 creature vanquished.

Vanquished Creatures (others)
  A plant (D:9)
1 creature vanquished.

Grand Total: 257 creatures vanquished

Notes
Turn   | Place    | Note
-------+----------+-------------------------------------------
     0 | D:1      | Amnesiac the Octopode Transmuter began the quest for the Orb.
     0 | D:1      | Reached XP level 1. HP: 13/13 MP: 3/3
    47 | D:2      | Reached XP level 2. HP: 16/18 MP: 5/5
    64 | D:2      | Noticed Jessica
    77 | D:2      | Killed Jessica
    77 | D:2      | Reached XP level 3. HP: 21/25 MP: 6/6
    83 | D:2      | Identified Jessica's Catalogue of Self-Knowledge
    96 | D:2      | Learned a level 2 spell: Repel Missiles
   101 | D:2      | Learned a level 3 spell: Spider Form
   400 | D:2      | Reached XP level 4. HP: 30/30 MP: 3/7
  1047 | D:4      | Noticed Amnesiac's ghost (amateur OpTm)
  1057 | D:4      | Killed Amnesiac's ghost
  1057 | D:4      | Reached XP level 5. HP: 16/35 MP: 4/8
  1454 | D:4      | Noticed an ogre
  1463 | D:4      | Killed an ogre
  1463 | D:4      | Reached XP level 6. HP: 41/41 MP: 6/10
  1611 | D:4      | Learned a level 2 spell: Sticks to Snakes
  1991 | D:5      | Entered Level 5 of the Dungeon
  1991 | D:5      | Noticed Menkaure
  2003 | D:5      | Killed Menkaure
  2003 | D:5      | Reached XP level 7. HP: 22/46 MP: 3/11
  2255 | D:5      | Found a staircase to the Ecumenical Temple.
  2270 | Temple   | Entered the Ecumenical Temple
  2277 | Temple   | Became a worshipper of Gozag Ym Sagoz the Greedy
  2673 | D:1      | Found a runed door.
  2904 | D:1      | Reached skill level 5 in Transmutations
  3033 | D:1      | Found a glowing golden altar of the Shining One.
  3227 | D:2      | Found a hide-covered altar of Uskayaw.
  3229 | D:2      | Found a burning altar of Makhleb.
  3229 | D:2      | Found a blossoming altar of Fedhas.
  3230 | D:2      | Found a glowing golden altar of the Shining One.
  3232 | D:2      | Found an iron altar of Okawaru.
  3344 | D:2      | Found a shimmering altar of Xom.
  3609 | D:3      | Reached skill level 5 in Unarmed Combat
  3684 | D:3      | Noticed Gruesome's ghost (amateur NaWr)
  3696 | D:3      | Killed Gruesome's ghost
  4108 | D:3      | Found a glowing silver altar of Zin.
  4154 | D:5      | Reached XP level 8. HP: 52/52 MP: 13/13
  4904 | D:6      | Found an ancient bone altar of Kikubaaqudgha.
  6079 | D:6      | HP: 1/54 [ice beast (14)]
  6459 | D:6      | Reached XP level 9. HP: 50/59 MP: 12/15
  6903 | D:7      | Found a basalt altar of Yredelemnul.
  7255 | D:7      | Reached skill level 5 in Dodging
  7515 | D:7      | Bought an orange potion for 21 gold pieces
  7515 | D:7      | Bought a brown potion for 21 gold pieces
  7515 | D:7      | Bought a scroll labeled JOVVAR JOITU for 24 gold pieces
  7515 | D:7      | Bought a murky puce potion for 21 gold pieces
  7718 | D:7      | Learned a level 5 spell: Blade Hands
  7876 | D:7      | Reached skill level 5 in Fighting
  8244 | D:7      | Found a runed door.
  8263 | D:7      | Found Ulun's Magic Scroll Boutique.
  8378 | D:7      | Reached skill level 5 in Spellcasting
  8662 | D:7      | Noticed Crazy Yiuf
  8667 | D:7      | Killed Crazy Yiuf
  8923 | D:8      | Gained mutation: You are clumsy. (Dex -2) [potion of mutation]
  8923 | D:8      | Gained mutation: You are occasionally teleported next to monsters. [potion of mutation]
  8923 | D:8      | Gained mutation: Your natural rate of healing is unusually fast. [potion of mutation]
  9051 | D:8      | Gained mutation: Scrolls take you a little longer to read. [potion of mutation]
  9051 | D:8      | Gained mutation: You have a pair of small antennae on your head. [potion of mutation]
  9051 | D:8      | Gained mutation: Your magical capacity is low. (-10% MP) [potion of mutation]
  9052 | D:8      | Gained mutation: Scrolls take you longer to read. [potion of mutation]
  9052 | D:8      | Lost mutation: You have a pair of small antennae on your head. [potion of mutation]
  9052 | D:8      | Gained mutation: You are robust. (+10% HP) [potion of mutation]
  9078 | D:8      | Reached XP level 10. HP: 68/72 MP: 10/15
  9113 | D:8      | You fall through a shaft for 2 floors!
  9113 | D:10     | Entered Level 10 of the Dungeon
  9140 | D:10     | Noticed a gargoyle
  9148 | D:10     | Killed a gargoyle
  9218 | D:10     | Noticed a hill giant
  9467 | D:9      | Found a staircase to the Orcish Mines.
  9740 | D:9      | Found a white marble altar of Elyvilon.
 10053 | D:9      | Noticed a three-headed hydra
 10180 | D:9      | Slain by a three-headed hydra

Vault maps used:
D:1:      dpeg_arrival_caged_fury, tso_altar
D:2:      minitemple, marbit_many_paths, kennysheep_jessica_study
D:3:      minmay_wonky_spiral, zin_scriptorium, guppyfry_early_orc_mine
D:5:      first_bread, uniq_menkaure
D:6:      lemuel_coloured_pillars_altar, st_stairs_14, hangedman_decor_lopped,
          kennysheep_potato
D:7:      minmay_flawed_box, serial_shops, shop_scrolls, basic_altar,
          uniq_crazy_yiuf_cottage
D:8:      nicolae_ru_sacrificial_ziggurat, serial_ice, serial_ice_l,
          serial_ice_h, serial_ice_e, serial_ice_o
D:9:      zombieorc2_lemuel, basic_altar, hangedman_ranch, uniq_grum
D:10:     erik_lair_island
Temple:   nicolae_temple_x_marks_the_god

Skill      XL: |  1  2  3  4  5  6  7  8  9 10 |
---------------+-------------------------------+-----
Transmutations | 3 4 5 6 8 |  8.9
Fighting       | 2 3 4 5 6 |  6.1
Unarmed Combat | 4 5 6 7 8 |  8.5
Dodging        | 3 4 5 6 |  6.4
Spellcasting   | 3 4 5 |  5.9

Action                   |  1- 3 |  4- 6 |  7- 9 | 10-12 || total
-------------------------+-------+-------+-------+-------++-------
Melee: Unarmed           |    48 |    87 |   425 |   280 ||   840
       Constrict         |     9 |     7 |    52 |    36 ||   104
       Tentacles         |     2 |     1 |    43 |    25 ||    71
       Punch             |     1 |       |     8 |    13 ||    22
 Cast: Spider Form       |     5 |    14 |    27 |     8 ||    54
       Repel Missiles    |     1 |       |     1 |       ||     2
       Sticks to Snakes  |       |     1 |     5 |     3 ||     9
       Blade Hands       |       |       |       |     1 ||     1
Invok: Call Merchant     |       |       |     1 |       ||     1
 Abil: End Transformatio |       |       |     1 |       ||     1
Evoke: Wand              |       |       |    10 |       ||    10
  Use: Scroll            |       |       |    11 |       ||    11
       Potion            |       |       |     3 |       ||     3
 Stab: Sleeping          |     3 |     2 |    12 |     5 ||    22
       Distracted        |       |       |     3 |     2 ||     5
  Eat: Chunk             |       |     6 |     1 |       ||     7
       Fruit             |       |       |     5 |       ||     5
       Royal jelly       |       |       |     2 |       ||     2
       Bread ration      |       |       |     3 |       ||     3
       Pizza             |       |       |     2 |       ||     2
       Beef jerky        |       |       |     1 |       ||     1
       Meat ration       |       |       |       |     1 ||     1
Armor: Skin              |     4 |     1 |    12 |    10 ||    27
Dodge: Dodged            |    30 |    58 |   275 |   182 ||   545
       Deflected         |       |     3 |     1 |     3 ||     7
